Description

In this build order, i show you how to counter a Baneling Bust.

Notes :

  • Pool + gas before hatchery mean all-in 80% of the time
  • Try to hide your probe in his base
  • Scout at 2,15 : It's the timing to see the roach warren or the baneling nest
  • If you suspect an all-in: Second pylon in your wall
  • Units should be : Adept => Stalker => Stalker
  • Robo as fast as possible and keep your chronoboost
  • Split your pylons
  • Keep your forcefield for the weak point of your wall

VOD

https://youtu.be/nMWR6ERgpE8

Replay - OgolCromgog v zuka - Ever Dream LE

Build Order

Get SALT Encoding   

  12  0:01  Probe  
  13  0:13  Probe  
  14  0:18  Pylon  
  14  0:25  Probe (Chrono Boost)  
  15  0:37  Probe (Chrono Boost)  
  15  0:39  Gateway  
  16  0:43  Probe  
  16  0:47  Assimilator  
  17  0:55  Probe (Chrono Boost)  
  18  1:07  Probe (Chrono Boost)  
  19  1:14  Probe (Chrono Boost)  
  20  1:27  Nexus  
  20  1:37  Cybernetics Core  
  20  1:39  Probe  
  21  1:44  Assimilator  
  21  1:51  Probe  
  21  1:53  Pylon  
  23  2:11  Stalker (Chrono Boost)  
  23  2:13  Warp Gate (Chrono Boost)  
  27  2:34  Sentry  
  27  2:35  Shield Battery  
  28  2:42  Gateway  
  28  2:52  Robotics Facility  
  28  2:56  Pylon  
  28  3:04  Sentry  
  34  3:22  Gateway  
  36  3:31  Shield Battery  
  36  3:36  Pylon  
  36  3:48  Immortal (Chrono Boost)  
  36  3:50  Sentry  
  46  4:15  Pylon  
  47  4:20  Immortal (Chrono Boost)  
  47  4:24  Assimilator  
  52  4:28  Stalker  
  56  4:49  Warp Prism (Chrono Boost)  
  56  4:50  Stalker x2  
  65  5:09  Stalker  
  67  5:24  Stalker x2  
  72  5:46  Nexus, Stalker x3  
  76  6:36  Gateway x3  
  82  6:42  Forge  
Spawning Tool Build Advisor. Get it on Overwolf

Go to:

Details

  • Created by: zuka      
  • Published on: Sep 05, 2020
  • Modified on: Sep 05, 2020
  • Patch: 4.11.0
  • Difficulty: Easy
Show
View Real Time Build Order
Export as new Build Order

Comments (0)

There are no comments. Be the first!

Create an account to comment!